 Dungeon Crawl Stone Soup version 0.19-a0-1292-g796ee4d (webtiles) character file.

36804 Duffy the Carver (level 14, -6/119 HPs)
             Began as a Formicid Wanderer on Aug 30, 2016.
             Was the Champion of Cheibriados.
             Mangled by a 20-headed hydra (8 damage)
             ... on level 2 of the Lair of Beasts.
             The game lasted 00:24:59 (17249 turns).

Duffy the Carver (Formicid Wanderer)               Turns: 17249, Time: 00:25:00

Health: -6/119     AC: 31    Str: 38    XL:     14   Next: 25%
Magic:  21/21      EV: 16    Int: 28    God:    Cheibriados [******]
Gold:   1013       SH:  9    Dex: 25    Spells: 0 memorised, 13 levels left

rFire  + . .     SeeInvis +     a - +7 Screaming Sword
rCold  + . .     Gourm    +     D - +4 plate armour {rF+}
rNeg   . . .     Faith    .     M - +3 buckler "Neocveiss" {rPois Int+2}
rPois  +         Spirit   .     (helmet unavailable)
rElec  .         Dismiss  .     t - +0 cloak
rCorr  +         Reflect  .     y - +0 pair of gloves
MR     +....     Harm     .     I - +1 pair of boots {Stlth+}
Stlth  ..........               W - amulet of the gourmand
                                w - +5 ring of protection
                                U - ring of resist corrosion

@: very slow
A: permanent stasis, dig shafts and tunnels, four strong arms, antennae 3,
rugged brown scales 2, cold resistance 1, wild magic 1
a: Dig, Shaft Self, Bend Time, Temporal Distortion, Slouch, Step From Time,
Renounce Religion


You were on level 2 of the Lair of Beasts.
You worshipped Cheibriados.
Cheibriados was exalted by your worship.
You were completely stuffed.

You visited 3 branches of the dungeon, and saw 14 of its levels.
You also visited: Ossuary and Volcano.

You collected 1376 gold pieces.
You spent 363 gold pieces at shops.

Inventory:

Hand Weapons
 a - the +7 Screaming Sword (weapon)
   (You found it on level 6 of the Dungeon)
 q - a +2 battleaxe of flaming
Missiles
 O - 2 throwing nets (quivered)
Armour
 t - a +0 cloak (worn)
 y - a +0 pair of gloves (worn)
 D - a +4 plate armour of fire resistance (worn)
 I - a +1 pair of boots of stealth (worn)
 M - the +3 buckler "Neocveiss" (worn) {rPois Int+2}
   (You acquired it on level 9 of the Dungeon)

   It affects your intelligence (+2).
   It protects you from poison.
Jewellery
 b - an uncursed ring of fire
 w - a +5 ring of protection (right hand)
 L - the ring "Zeudal" {MR+ Dex-6}
   (You found it on level 7 of the Dungeon)

   [ring of dexterity]

   It affects your dexterity (-6).
   It affects your resistance to hostile enchantments.
 U - a ring of resist corrosion (left hand)
 W - an amulet of the gourmand (around neck)
Wands
 g - a wand of lightning (8/15)
 m - a wand of confusion (15/48)
 s - a wand of acid (15/15)
Scrolls
 h - 4 scrolls of magic mapping
 k - 7 scrolls of remove curse
 n - a scroll of fear
 F - 4 scrolls of enchant weapon
 J - 4 scrolls of fog
Potions
 c - a potion of flight
 e - a potion of heal wounds
 j - 11 potions of curing
 l - a potion of might
 r - 5 potions of brilliance
 u - a potion of magic
 E - 3 potions of resistance
 G - a potion of cancellation
 K - a potion of invisibility
Books
 d - a book of Changes

   Spells                             Type                      Level
   a - Beastly Appendage              Transmutation                1
   b - Sticks to Snakes               Transmutation                2
   c - Spider Form                    Transmutation/Poison         3
   d - Ice Form                       Ice/Transmutation            4
   e - Blade Hands                    Transmutation                5
Comestibles
 f - 12 bread rations
 i - 4 beef jerkies
 o - a chunk of flesh
 x - 3 meat rations
 N - a royal jelly
 P - 3 fruits
 R - 2 slices of pizza


   Skills:
 + Level 11.7 Fighting
 * Level 12.7 Long Blades
 - Level 4.2 Axes
   Level 1.0 Crossbows
 + Level 10.4 Armour
 + Level 8.3 Dodging
 - Level 1.2 Stealth
 - Level 4.0 Shields
 - Level 10.0 Invocations
 - Level 5.5 Evocations


You had 13 spell levels left.
You didn't know any spells.

Dungeon Overview and Level Annotations

Branches:
Dungeon (10/15)            Temple (0/1) D:7            Lair (2/6) D:10
  Snake (0/4) Lair:2          Orc (2/2) D:10            Elf (0/3) Orc:2
  Swamp: Lair:2-4    Shoals: Lair:2-4

Altars:
Ashenzari
Cheibriados
Fedhas
Gozag
Nemelex Xobeh
Qazlal
Trog
Uskayaw
Vehumet
Xom
Yredelemnul
Zin
The Shining One
Beogh

Shops:
Orc:2 ((%*


Innate Abilities, Weirdness & Mutations

You are under a permanent stasis effect.
You can dig through walls and to a lower floor.
Your four strong arms can wield two-handed weapons with a shield.
You have a pair of large antennae on your head. (SInv)
You are mostly covered in rugged brown scales. (AC +2, +5% HP)
Your flesh is cold resistant. (rC+)
Your spells are a little harder to cast, but a little more powerful.


Message History

You slice one of the 19-headed hydra's heads off!
The 18-headed hydra grows two more!
You slice the 20-headed hydra!!
The 20-headed hydra is almost dead.
The 20-headed hydra misses you.
The 20-headed hydra bites you but does no damage.
You block the 20-headed hydra's attack.
The 20-headed hydra bites you but does no damage. x2
You block the 20-headed hydra's attack.
The 20-headed hydra bites you but does no damage.
You block the 20-headed hydra's attack.
The 20-headed hydra bites you but does no damage.
The 20-headed hydra misses you.
The 20-headed hydra bites you but does no damage.
The 20-headed hydra bites you!
The 20-headed hydra completely misses you.
The 20-headed hydra bites you.
The 20-headed hydra completely misses you.
The 20-headed hydra bites you but does no damage.
The 20-headed hydra barely misses you. The 20-headed hydra bites you!
You die...

..............####...##P.........
...............##..#####.........
..#............#..## #P..........
..#.......)........# #...........
..#............#.### ##>.........
##..............## #.##........
#P............#.#### ###.#.......
##.............#..P#######..#....
#............#..@%....# ######..
#...........#.##D%.....# ###
#P..........#. #........
...........#.. #........
.......#..#.. .........
#.......##... .........
.........#.. .....)...
.......#... ..........
...........


You could see a 20-headed hydra.

Vanquished Creatures
  2 orc warlords
  The ghost of st0uf the Geomancer, a journeyman GrEE of Vehumet (Volcano)
  2 ogre magi (Orc:2)
  The ghost of slayr the Carver, a novice DsAK of Lugonu (D:9)
  2 deep trolls (Orc:2)
  An unseen horror (D:10)
  A swamp dragon (Lair:2)
  6 hill giants
  2 orc knights (Orc:1)
  An ugly thing (D:7)
  A griffon (Lair:2)
  2 cyclopes (Orc:2)
  6 elephants (Lair:2)
  A molten gargoyle (Volcano)
  A toenail golem (Volcano)
  A spiny frog (Lair:1)
  A gargoyle (D:10)
  A rime drake (Lair:1)
  2 komodo dragons (Lair:1)
  12 trolls
  7 two-headed ogres
  8 blink frogs (Lair:1)
  15 yaks
  A spriggan (D:7)
  A wyvern (D:10)
  6 hippogriffs
  A hungry ghost (D:7)
  3 fire bats (Volcano)
  2 wargs
  2 chaos spawn (D:9)
  3 nagas (Lair:2)
  3 water moccasins (Lair:1)
  19 orc warriors
  2 porcupines
  3 ice beasts
  A sky beast (D:9)
  A necrophage (D:8)
  A black bear (D:10)
  A wasp (D:9)
  A phantom (D:10)
  8 centaurs
  25 ogres
  4 crocodiles
  12 giant frogs
  The ghost of jacquesderrida the Slasher, an amateur VSWn of Ashenzari (Ossuary)
  A gnoll sergeant (D:8)
  6 scorpions
  7 wights
  8 killer bees
  3 electric eels (D:10)
  3 crimson imps
  9 lava snakes (Volcano)
  3 centaur zombies
  2 giant frog zombies (D:10)
  A human zombie (Ossuary)
  2 giant frog skeletons
  A gnoll shaman (D:9)
  8 orc priests
  3 centaur skeletons (D:5)
  8 hounds
  3 jellies
  22 orc wizards
  7 iguanas
  4 worker ants
  A statue (D:7)
  A big kobold zombie (Ossuary)
  A hound skeleton (D:9)
  4 mummies
  10 gnolls
  17 adders
  A howler monkey skeleton (D:9)
  28 river rats
  An ooze (D:5)
  6 adder zombies
  An adder skeleton (D:7)
  3 worms
  4 dart slugs
  9 giant geckos
  61 orcs
  A ball python (D:5)
  11 bats
  2 giant cockroaches
  A gnoll zombie (Ossuary)
  12 goblins
  6 hobgoblins
  10 jackals
  3 quokkas
  A giant gecko skeleton (D:6)
  6 giant newts
  A goblin zombie (Ossuary)
  A hobgoblin zombie (Ossuary)
  A jackal skeleton (D:8)
  14 kobolds
  4 kobold zombies (Ossuary)
  An orc zombie (Ossuary)
  A quokka skeleton (D:10)
  2 quokka zombies
  7 rats
  3 rat zombies (Ossuary)
  A fire vortex (Volcano)
  A plant (D:10)
517 creatures vanquished.

Vanquished Creatures (others)
  4 fungi (D:6)
4 creatures vanquished.

Grand Total: 521 creatures vanquished

Notes
Turn   | Place    | Note
-------+----------+-------------------------------------------
     0 | D:1      | Duffy the Formicid Wanderer began the quest for the Orb.
     0 | D:1      | Duffy set off with: a wand of confusion (15/48), a +0 hand crossbow, 24 bolts, a potion of lignification, a +0 robe, a bread ration
     0 | D:1      | Reached XP level 1. HP: 18/18 MP: 1/1
    45 | D:1      | Reached XP level 2. HP: 17/25 MP: 2/2
   231 | D:1      | You fall through a shaft!
   246 | D:2      | You fall through a shaft for 2 floors!
   251 | D:4      | Noticed a scorpion
   259 | D:4      | Killed a scorpion
   259 | D:4      | Reached skill level 5 in Fighting
   259 | D:4      | Reached XP level 3. HP: 33/33 MP: 3/3
   259 | D:4      | Reached XP level 4. HP: 39/39 MP: 4/4
   273 | D:4      | Reached XP level 5. HP: 46/46 MP: 5/5
   349 | D:5      | Entered Level 5 of the Dungeon
   459 | D:3      | Found a faded altar of an unknown god.
   656 | D:5      | Found a shimmering altar of Xom.
   965 | D:5      | Reached XP level 6. HP: 38/53 MP: 6/6
  1650 | D:6      | Noticed an ogre
  1654 | D:6      | Killed an ogre
  1654 | D:6      | Reached XP level 7. HP: 60/60 MP: 7/9
  1737 | D:6      | Found a sparkling altar of Nemelex Xobeh.
  1825 | D:6      | Reached skill level 5 in Evocations
  1843 | D:6      | Found a snail-covered altar of Cheibriados.
  1859 | D:6      | Became a worshipper of Cheibriados the Contemplative
  2546 | D:1      | Reached * piety under Cheibriados
  3243 | D:2      | Reached ** piety under Cheibriados
  3258 | D:2      | Reached XP level 8. HP: 67/67 MP: 12/12
  3711 | D:2      | Reached skill level 1 in Dodging
  3852 | D:3      | Reached skill level 1 in Invocations
  3862 | D:3      | Found a basalt altar of Yredelemnul.
  3862 | D:3      | Found a blossoming altar of Fedhas.
  4174 | D:3      | Reached *** piety under Cheibriados
  4266 | D:3      | Found a bloodstained altar of Trog.
  4632 | D:4      | You fall through a shaft for 2 floors!
  4635 | D:6      | Found a glowing golden altar of the Shining One.
  4793 | D:6      | Found a hide-covered altar of Uskayaw.
  5546 | D:5      | Reached **** piety under Cheibriados
  6366 | D:6      | Reached skill level 5 in Armour
  6366 | D:6      | Reached XP level 9. HP: 58/72 MP: 13/13
  6892 | D:6      | Reached skill level 5 in Invocations
  7201 | D:6      | Reached skill level 1 in Long Blades
  7232 | D:7      | Found a staircase to the Ecumenical Temple.
  7324 | D:7      | Noticed a purple ugly thing
  7330 | D:7      | Killed a purple ugly thing
  7330 | D:7      | Reached skill level 3 in Long Blades
  7351 | D:7      | Got a sparkling amber ring
  7356 | D:7      | Identified the cursed ring "Zeudal" {MR+ Dex-6} (You found it on level 7 of the Dungeon)
  7471 | D:7      | Reached skill level 4 in Long Blades
  7530 | D:7      | Found a sand-covered staircase.
  7535 | Ossuary  | Entered an ossuary
  7535 | Ossuary  | Noticed jacquesderrida's ghost (amateur VSWn)
  7539 | Ossuary  | Killed jacquesderrida's ghost
  7553 | Ossuary  | Reached ***** piety under Cheibriados
  7555 | Ossuary  | Reached XP level 10. HP: 79/79 MP: 15/15
  7893 | D:7      | Reached skill level 5 in Long Blades
  8472 | D:7      | Found a radiant altar of Vehumet.
  8591 | D:8      | Reached skill level 6 in Long Blades
  9102 | D:8      | Found an opulent altar of Gozag.
  9744 | D:9      | Reached skill level 7 in Long Blades
  9746 | D:9      | Reached skill level 10 in Invocations
  9748 | D:9      | Reached skill level 1 in Shields
  9860 | D:9      | Reached XP level 11. HP: 62/84 MP: 14/18
 10022 | D:9      | Found a shimmering altar of Xom.
 10101 | D:9      | Found a stormy altar of Qazlal.
 10122 | D:9      | Reached ****** piety under Cheibriados
 10122 | D:9      | Reached skill level 8 in Long Blades
 10141 | D:9      | Found a shattered altar of Ashenzari.
 10168 | D:9      | Identified 2 scrolls of acquirement
 10169 | D:9      | Got a heavily runed buckler
 10180 | D:9      | Identified the +3 buckler "Neocveiss" {rPois Int+2} (You acquired it on level 9 of the Dungeon)
 10335 | D:9      | Found a glowing silver altar of Zin.
 10335 | D:9      | Noticed a hill giant
 10339 | D:9      | Killed a hill giant
 10422 | D:9      | Noticed slayr's ghost (novice DsAK)
 10439 | D:9      | Killed slayr's ghost
 10787 | D:10     | Entered Level 10 of the Dungeon
 11003 | D:10     | Noticed a hill giant
 11013 | D:10     | Killed a hill giant
 11606 | D:10     | Found a staircase to the Lair.
 11857 | D:10     | Reached skill level 9 in Long Blades
 11868 | D:10     | Noticed a hill giant
 11878 | D:10     | Killed a hill giant
 12208 | D:10     | Noticed a hill giant
 12214 | D:10     | Killed a hill giant
 12280 | D:10     | Found a staircase to the Orcish Mines.
 12284 | D:10     | Reached XP level 12. HP: 95/95 MP: 19/19
 12288 | D:10     | Noticed an unseen horror
 12292 | D:10     | Killed an unseen horror
 12559 | Orc:1    | Entered Level 1 of the Orcish Mines
 12563 | Orc:1    | Noticed an orc warlord
 12566 | Orc:1    | Reached skill level 5 in Dodging
 12580 | Orc:1    | Killed an orc warlord
 12640 | Orc:1    | Found a dark tunnel.
 12644 | Volcano  | Entered a volcano
 12809 | Volcano  | Noticed st0uf's ghost (journeyman GrEE)
 12817 | Volcano  | Killed st0uf's ghost
 13333 | Volcano  | Found a burning altar of Makhleb.
 13552 | Orc:2    | Entered Level 2 of the Orcish Mines
 13619 | Orc:2    | Reached skill level 10 in Long Blades
 13626 | Orc:2    | Reached skill level 10 in Fighting
 13652 | Orc:2    | Noticed a deep troll
 13659 | Orc:2    | Killed a deep troll
 13659 | Orc:2    | Reached XP level 13. HP: 77/103 MP: 20/20
 13684 | Orc:2    | Reached skill level 11 in Long Blades
 14002 | Orc:2    | Found Uhiphist's Antique Weapon Shoppe.
 14005 | Orc:2    | Found Kafescho's Weapon Shoppe.
 14016 | Orc:2    | Found Nuesiet's Food Shop.
 14022 | Orc:2    | Found Xefiv's General Store.
 14039 | Orc:2    | Bought a scroll of identify for 26 gold pieces
 14039 | Orc:2    | Bought a scroll of magic mapping for 45 gold pieces
 14039 | Orc:2    | Bought 3 scrolls of enchant armour for 292 gold pieces
 14119 | Orc:2    | Found a roughly hewn altar of Beogh.
 14162 | Orc:2    | Noticed an orc warlord
 14175 | Orc:2    | Killed an orc warlord
 14503 | Orc:2    | Found a staircase to the Elven Halls.
 15750 | Orc:1    | Gained mutation: You are partially covered in rugged brown scales. (AC +1, +3% HP) [potion of mutation]
 15750 | Orc:1    | Gained mutation: You are frail. (-10% HP) [potion of mutation]
 15751 | Orc:1    | Lost mutation: You are frail. (-10% HP) [potion of mutation]
 15751 | Orc:1    | Gained mutation: You are robust. (+10% HP) [potion of mutation]
 15751 | Orc:1    | Gained mutation: Your flesh is cold resistant. (rC+) [potion of mutation]
 15752 | Orc:1    | Lost mutation: You are robust. (+10% HP) [potion of mutation]
 15752 | Orc:1    | Gained mutation: You are mostly covered in rugged brown scales. (AC +2, +5% HP) [potion of mutation]
 15752 | Orc:1    | Gained mutation: Your spells are a little harder to cast, but a little more powerful. [potion of mutation]
 15842 | Lair:1   | Entered Level 1 of the Lair of Beasts
 15863 | Lair:1   | Reached skill level 12 in Long Blades
 16067 | Lair:1   | Reached skill level 10 in Armour
 16559 | Lair:1   | Reached XP level 14. HP: 118/118 MP: 21/21
 16786 | Lair:2   | Found a staircase to the Snake Pit.
 17249 | Lair:2   | HP: 5/119 [20-headed hydra (11)]
 17249 | Lair:2   | HP: 2/119 [20-headed hydra (3)]
 17249 | Lair:2   | Mangled by a 20-headed hydra

Vault maps used:
D:1:      dpeg_arrival_oval
D:3:      lightli_temple_of_fire, gammafunk_temple_overflow_wave,
          ecumenical_altar_1
D:5:      tgw_xom, first_bread
D:6:      old_forge, kennysheep_mini_moat, slow_altar_2,
          nemelex_xobeh_ov_fountains_minmay, kennysheep_mini, minivault_11
D:7:      vehumet_statue, nicolae_ossuary_entry_false_entrances, the_bakery
D:8:      nicolae_gozag_seed_capital
D:9:      lemuel_crystal_altar, lemuel_doored_altar, evilmike_ruin_ashenzari,
          minmay_guarded_unrand_variability
D:10:     dpeg_oklobed_lair
Lair:2:   minmay_swamp_entry_reptiles, minmay_snake_entry_guardpost_small,
          grunt_megastairs_2
Orc:1:    nicolae_volcano_entry_s_turn, nicolae_orc_lava_room
Orc:2:    st_orc_open, basic_altar
Ossuary:  ossuary_minmay_chase
Volcano:  volcano_grotto

Skill      XL: |  1  2  3  4  5  6  7  8  9 10 11 12 13 |
---------------+----------------------------------------+-----
Fighting       | 5 6 7 9 10 11 | 11.7
Evocations     | 3 5 |  5.5
Dodging        | 2 4 6 8 |  8.3
Invocations    | 4 7 10 | 10.0
Armour         | 5 7 8 10 | 10.4
Axes           | 3 4 |  4.2
Long Blades    | 4 7 9 10 12 | 12.7
Shields        | 2 4 |  4.0
Crossbows      | |  1.0
Stealth        | |  1.2

Action                   |  1- 3 |  4- 6 |  7- 9 | 10-12 | 13-15 || total
-------------------------+-------+-------+-------+-------+-------++-------
Melee: Trident           |       |     5 |   127 |       |       ||   132
       Halberd           |       |       |   158 |       |       ||   158
       Dagger            |       |       |   149 |       |       ||   149
       War axe           |       |       |     6 |       |       ||     6
       Double sword      |       |       |    29 |   549 |   429 ||  1007
 Fire: Hand crossbow     |    18 |    80 |    25 |       |       ||   123
Invok: Slouch            |       |       |       |     2 |     3 ||     5
 Abil: Shaft Self        |     2 |       |       |       |       ||     2
       Dig               |       |     2 |    16 |    12 |     5 ||    35
  Use: Scroll            |       |     1 |    11 |    13 |     9 ||    34
       Potion            |       |       |     2 |     6 |     4 ||    12
  Eat: Chunk             |       |     3 |    13 |    27 |    11 ||    54
Armor: Robe              |     2 |    10 |       |       |       ||    12
       Ring mail         |       |     8 |       |       |       ||     8
       Scale mail        |       |       |    85 |       |       ||    85
       Chain mail        |       |       |   149 |       |       ||   149
       Plate armour      |       |       |    81 |   287 |   252 ||   620
Dodge: Dodged            |     2 |    47 |   248 |   258 |   326 ||   881
Block: Buckler           |       |       |       |   172 |   226 ||   398
